 Dungeon Crawl Stone Soup version 0.20.1-1-g8b1a95d (webtiles) character file.

670 Folque the Conjurer (level 7, -4/45 HPs)
             Began as an Octopode Wizard on Nov 16, 2017.
             Was a Follower of Sif Muna.
             Shot with an arrow by a centaur (11 damage)
             ... on level 5 of the Dungeon.
             The game lasted 00:16:35 (5772 turns).

Folque the Conjurer (Octopode Wizard)               Turns: 5772, Time: 00:16:36

Health: -4/45      AC:  1    Str:  6    XL:     7   Next: 58%
Magic:  5/14       EV: 13    Int: 22    God:    Sif Muna [*.....]
Gold:   235        SH:  0    Dex: 11    Spells: 7/15 levels left

rFire    . . .     SeeInvis .   C - +0 flail (protect)
rCold    . . .     Gourm    .   (no shield)
rNeg     . . .     Faith    .   a - +0 hat
rPois    .         Spirit   .   (no amulet)
rElec    .         Reflect  .   (no ring)
rCorr    .         Harm     .   (no ring)
MR       .....                  (no ring)
Stlth    +++.......             (no ring)
Regen    0.2/turn               (no ring)
MPRegen  0.2/turn               (no ring)
                                (no ring)
                                (no ring)

@: slowed, very slow
A: almost no armour, stealthy swim, amphibious, 8 rings, constrict 8, camouflage
1, gelatinous body 1
a: Divine Energy, Renounce Religion


You were on level 5 of the Dungeon.
You worshipped Sif Muna.
Sif Muna was aware of your devotion.
You were very hungry.

You visited 2 branches of the dungeon, and saw 6 of its levels.

You collected 235 gold pieces.

Inventory:

Hand Weapons
 d - a +0 halberd
 g - a +0 spear
 s - a +0 blowgun
 t - a +1 dagger of venom
 C - a +0 flail of protection (weapon)
 F - a +0 hand axe of holy wrath
Missiles
 u - 19 poisoned needles
Armour
 a - a +0 hat (worn)
Wands
 i - a wand of lightning (1/15)
 B - a wand of flame (15/48)
Scrolls
 e - 3 scrolls of magic mapping {unknown}
 h - a scroll of noise {unknown}
 j - a scroll of fog {unknown}
 k - 2 scrolls of recharging {unknown}
 l - 4 scrolls of immolation {unknown}
 n - 2 scrolls of blinking
 p - 3 scrolls of teleportation {unknown}
 q - 2 scrolls of remove curse
 v - a scroll of random uselessness {unknown}
 w - a scroll of enchant armour {unknown}
 y - 3 scrolls of identify
 z - a scroll of fear {unknown}
Potions
 m - 2 potions of brilliance
 o - a potion of resistance
 r - 2 potions of flight
 x - a potion of lignification {unknown}
 A - 2 potions of curing
 E - a potion of berserk rage
Books
 b - a book of Minor Magic

   Spells                             Type                      Level
   a - Magic Dart                     Conjuration                  1
   b - Blink                          Translocation                2
   c - Call Imp                       Summoning                    2
   d - Slow                           Hexes                        2
   e - Conjure Flame                  Conjuration/Fire             3
   f - Mephitic Cloud                 Conjuration/Poison/Air       3
 D - a book of Flames

   Spells                             Type                      Level
   a - Flame Tongue                   Conjuration/Fire             1
   b - Throw Flame                    Conjuration/Fire             2
   c - Conjure Flame                  Conjuration/Fire             3
   d - Inner Flame                    Hexes/Fire                   3
   e - Sticky Flame                   Conjuration/Fire             4
   f - Fireball                       Conjuration/Fire             5
Comestibles
 c - 3 bread rations
 f - 2 royal jellies


   Skills:
 - Level 2.0 Fighting
 - Level 2.0 Dodging
 - Level 2.6 Stealth
 + Level 4.9 Spellcasting
 * Level 5.2 Conjurations
 - Level 1.0 Summonings
 - Level 1.0 Translocations
 - Level 4.0 Poison Magic


You had 7 spell levels left.
You knew the following spells:

 Your Spells              Type           Power        Failure   Level  Hunger
a - Magic Dart            Conj           ####         1%          1    None
b - Call Imp              Summ           #.......     10%         2    None
c - Blink                 Tloc           N/A          10%         2    None
d - Mephitic Cloud        Conj/Pois/Air  ###.....     9%          3    ##.....


Dungeon Overview and Level Annotations

Branches:
Dungeon (5/15)             Temple (1/1) D:4

Altars:
Ashenzari
Cheibriados
Dithmenos
Elyvilon
Fedhas
Gozag
Hepliaklqana
Kikubaaqudgha
Makhleb
Nemelex Xobeh
Okawaru
Qazlal
Ru
Sif Muna
Trog
Uskayaw
Vehumet
Xom
Yredelemnul
Zin
The Shining One

Annotations:
D:5 Duvessa


Innate Abilities, Weirdness & Mutations

You cannot wear most types of armour.
You are very stealthy in the water. (Stealth+)
You are amphibious.
You can wear up to eight rings at the same time.
You can use your tentacles to constrict eight enemies at once.
Your skin changes colour to match your surroundings (Stealth+).
Your rubbery body absorbs attacks. (AC +1, EV +1)


Message History

The orc wizard hits you but does no damage.
The orc wizard hits you with a dagger. x2
You miss the orc wizard. You grab the orc wizard.
The orc wizard is severely wounded.
You constrict the orc wizard. The orc wizard completely misses you.
The orc wizard closely misses you.
The orc wizard points at you and mumbles some strange words.
The magic dart hits you!
You barely miss the orc wizard.
The orc wizard is almost dead.
You constrict the orc wizard.
You kill the orc wizard!
Sif Muna accepts your kill.
The centaur shoots an arrow.
You hear some strange, mumbled words.
A puff of flame appears from out of thin air!
The puff of flame hits you!
* * * LOW HITPOINT WARNING * * *
The centaur shoots an arrow.
The arrow hits you!
You die...

#.###. ####### ########.###.
#...... ............ .....#
#...##...... ## ....#
#...##...... ... ...
#...##...... #... #)#
#...###.###.
.....##)#########...#.......
........c{)@................
.....##.########......#.#.#.
.... ##'## #.........#.#.#.
... #.(.# #...###'#####<..
.. #...# #...# #......... .
#...# #...# #..######.
...#.O.####...###..######.
...>(.(....................
.....(..............#......


You could see a centaur.

Vanquished Creatures
  A scorpion (D:4)
  Dowan (D:5)
  A howler monkey (D:4)
  A crimson imp (D:5)
  A hound (D:5)
  2 orc wizards (D:5)
  A gnoll shaman (D:3)
  An orc priest (D:4)
  A bullfrog skeleton (D:4)
  A hound zombie (D:5)
  2 worker ant zombies (D:3)
  4 adders
  5 gnolls (D:4)
  4 shadow imps
  An ooze (D:2)
  An adder zombie (D:3)
  4 adder skeletons (D:3)
  3 dart slugs
  2 leopard geckos (D:1)
  4 orcs
  4 giant cockroaches
  6 goblins
  4 hobgoblins
  11 jackals
  2 quokkas
  2 ball pythons (D:1)
  7 bats
  5 frilled lizards
  A giant cockroach zombie (D:3)
  A jackal zombie (D:3)
  8 kobolds
  5 rats
97 creatures vanquished.

Vanquished Creatures (collateral kills)
  A scorpion (D:4)
  An iguana (D:5)
  An adder (D:2)
  3 worms
  An orc (D:3)
  A hobgoblin (D:3)
  A frilled lizard (D:2)
  A kobold (D:1)
10 creatures vanquished.

Grand Total: 107 creatures vanquished

Notes
Turn   | Place    | Note
-------+----------+-------------------------------------------
     0 | D:1      | Folque the Octopode Wizard began the quest for the Orb.
     0 | D:1      | Reached XP level 1. HP: 11/11 MP: 4/4
   243 | D:1      | Reached XP level 2. HP: 15/18 MP: 6/6
   284 | D:1      | Reached skill level 1 in Fighting
   617 | D:1      | Learned a level 2 spell: Call Imp
   620 | D:1      | Learned a level 2 spell: Blink
   679 | D:1      | Reached XP level 3. HP: 21/23 MP: 5/8
  1286 | D:2      | Learned a level 3 spell: Mephitic Cloud
  1449 | D:2      | Reached skill level 1 in Poison Magic
  1837 | D:2      | Reached XP level 4. HP: 27/29 MP: 9/9
  2560 | D:3      | HP: 1/29 [poisoned by a kobold]
  3248 | D:3      | Reached XP level 5. HP: 25/34 MP: 10/10
  3777 | D:4      | Reached skill level 2 in Conjurations
  3799 | D:4      | Reached XP level 6. HP: 19/39 MP: 8/12
  4219 | D:4      | Found a staircase to the Ecumenical Temple.
  4254 | Temple   | Entered the Ecumenical Temple
  4348 | Temple   | Became a worshipper of Sif Muna the Loreminder
  4465 | D:4      | Found a transporter.
  4470 | D:4      | Found a transporter.
  4566 | D:4      | Reached skill level 3 in Conjurations
  4810 | D:4      | Reached skill level 4 in Conjurations
  4834 | D:4      | Reached XP level 7. HP: 20/45 MP: 13/13
  5045 | D:5      | Entered Level 5 of the Dungeon
  5156 | D:5      | Noticed Duvessa
  5158 | D:5      | Noticed Dowan
  5166 | D:5      | Killed Dowan
  5226 | D:4      | Reached * piety under Sif Muna
  5764 | D:5      | Reached skill level 5 in Conjurations
  5772 | D:5      | Shot with an arrow by a centaur

Skill      XL: |  1  2  3  4  5  6  7 |
---------------+----------------------+-----
Fighting       | 1 2 |  2.0
Poison Magic   | 1 2 4 |  4.0
Spellcasting   | 4 |  4.9
Conjurations   | 2 4 5 |  5.2
Dodging        | |  2.0
Stealth        | |  2.6
Summonings     | |  1.0
Translocations | |  1.0

Action                   |  1- 3 |  4- 6 |  7- 9 || total
-------------------------+-------+-------+-------++-------
Melee: Spear             |    94 |       |       ||    94
       Constrict         |    21 |    41 |    10 ||    72
       Tentacles         |     9 |    24 |     5 ||    38
       Dagger            |    13 |   154 |       ||   167
       Flail             |       |     3 |    37 ||    40
 Cast: Call Imp          |     6 |     7 |     5 ||    18
       Magic Dart        |     1 |     9 |     2 ||    12
       Blink             |       |     1 |     1 ||     2
       Mephitic Cloud    |       |     6 |     5 ||    11
Evoke: Wand              |       |       |     1 ||     1
  Use: Scroll            |     4 |     3 |       ||     7
       Potion            |     3 |       |       ||     3
 Stab: Sleeping          |     9 |     8 |       ||    17
       Confused          |       |     2 |     1 ||     3
  Eat: Chunk             |     3 |    10 |     2 ||    15
Armor: Skin              |     5 |     6 |     9 ||    20
Dodge: Dodged            |    53 |    97 |    29 ||   179
